 Dungeon Crawl Stone Soup version 0.19-a0-659-g8260ecf (webtiles) character file.

130 pk666 the Chopper (level 4, -6/61 HPs)
             Began as a Minotaur Berserker on June 16, 2016.
             Was a Believer of Trog.
             Mangled by a gnoll
             ... wielding a +0 flail
              (10 damage)
             ... on level 2 of the Dungeon.
             The game lasted 00:02:39 (1321 turns).

pk666 the Chopper (Minotaur Berserker)              Turns: 1321, Time: 00:02:40

Health: -6/61      AC:  7    Str: 27    XL:     4   Next: 90%
Magic:  3/3        EV: 11    Int:  4    God:    Trog [**....]
Gold:   94         SH:  0    Dex: 10    Spells: 0 memorised, 3 levels left

rFire  . . .     SeeInvis .     a - +0 hand axe
rCold  . . .     Gourm    .     m - +0 scale mail
rNeg   . . .     Faith    .     (no shield)
rPois  .         Spirit   .     (helmet restricted)
rElec  .         Dismiss  .     (no cloak)
rCorr  .         Reflect  .     (no gloves)
SustAt .         Harm     .     (no boots)
MR     .....                    (no amulet)
Stlth  ..........               (no ring)
                                (no ring)

@: berserking, very quick, not resistant to hostile enchantments, extremely
unstealthy
A: retaliatory headbutt, horns 2
a: Berserk, Trog's Hand, Burn Spellbooks, Renounce Religion


You were on level 2 of the Dungeon.
You worshipped Trog.
Trog was pleased with you.
You were hungry.

You visited 1 branch of the dungeon, and saw 2 of its levels.

You collected 94 gold pieces.

Inventory:

Hand Weapons
 a - a +0 hand axe (weapon)
Armour
 f - a +0 plate armour
 m - a +0 scale mail (worn)
Scrolls
 b - a scroll of noise {unknown}
 j - a scroll of identify {unknown}
 l - a scroll of recharging {unknown}
Potions
 e - a potion of curing {unknown}
 g - 4 potions of heal wounds
 h - a potion of haste {unknown}
 i - 2 potions of degeneration {unknown}
Comestibles
 c - 2 bread rations
 d - a beef jerky
 k - a meat ration
 n - 2 chunks of flesh


   Skills:
 + Level 4.4 Fighting
 + Level 4.6 Axes
 + Level 3.8 Armour
 + Level 3.4 Dodging


You had 3 spell levels left.
You didn't know any spells.

Dungeon Overview and Level Annotations

Branches:
Dungeon (2/15)

Altars:
Dithmenos


Innate Abilities, Weirdness & Mutations

You reflexively headbutt those who attack you in melee.
You have a pair of horns on your head.


Message History

The gnoll is lightly wounded.
The gnoll hits you with a flail. The gnoll barely misses you.
You hit the gnoll. Your headbutt misses the gnoll.
The gnoll is heavily wounded.
The gnoll hits you with a flail! The gnoll closely misses you.
You hit the gnoll.
The gnoll is severely wounded.
The gnoll hits you with a flail!
The gnoll hits you from afar with a halberd.
You hit the gnoll but do no damage.
The gnoll is severely wounded.
The gnoll hits you with a flail!
* * * LOW HITPOINT WARNING * * *
The gnoll hits you from afar with a halberd.
* * * LOW HITPOINT WARNING * * *
A red film seems to cover your vision as you go berserk!
You feel yourself moving faster!
You feel mighty!
You are feeling hungry.
The gnoll hits you with a flail!
You die...

##.#.# #...# #.#
# ###.# #.# #.#
#.# #.# #.# #.#
#)# #.# # #.#
####.# #.#.##.#
#....#
#..gg@.##.#
#.#### #####
###.###...# #.#
....# #. #..#
#.# ###.# #.
#..# #.# #.#
#.## ##..# #.#
#.# ###.###.(.#
#.# #.#
.........####.#
#.#
#............#
#.#
###.#.##.#######


You could see 2 gnolls.

Vanquished Creatures
  Robin (D:2)
  2 gnolls
  5 adders (D:2)
  A worm (D:2)
  2 dart slugs
  2 giant geckos
  5 bats
  7 goblins
  10 hobgoblins
  4 jackals (D:2)
  3 kobolds
  2 giant newts
  3 rats (D:2)
47 creatures vanquished.

Notes
Turn   | Place    | Note
--------------------------------------------------------------
     0 | D:1      | pk666 the Minotaur Berserker began the quest for the Orb.
     0 | D:1      | Reached XP level 1. HP: 19/19 MP: 0/0
    24 | D:1      | Reached XP level 2. HP: 27/27 MP: 1/1
   554 | D:2      | Reached XP level 3. HP: 33/33 MP: 2/2
   612 | D:2      | Found a shadowy altar of Dithmenos.
   633 | D:2      | Noticed Robin
   636 | D:2      | Reached ** piety under Trog
   636 | D:2      | Reached XP level 4. HP: 32/40 MP: 3/3
   647 | D:2      | Killed Robin
   653 | D:2      | HP: 2/40 [poisoned by an adder]
  1320 | D:2      | HP: 2/41 [gnoll/halberd (3)]
  1321 | D:2      | Mangled by a gnoll

Vault maps used:
D:1:      elethiomel_arrival_quiet
D:2:      lemuel_round_altar, nicolae_overflow_hidden_temple,
          grunt_dithmenos_smoke, uniq_robin

Skill      XL: |  1  2  3 |
---------------+----------+-----
Armour         | 3 |  3.8
Axes           | 4 |  4.6
Dodging        | 3 |  3.4
Fighting       | 4 |  4.4

Action                   |  1- 3 |  4- 6 || total
-------------------------+-------+-------++-------
Melee: Hand axe          |    46 |    49 ||    95
       Headbutt          |     7 |     7 ||    14
Invok: Berserk           |     1 |     1 ||     2
  Use: Potion            |       |     1 ||     1
 Stab: Sleeping          |     1 |       ||     1
  Eat: Chunk             |       |     2 ||     2
Armor: Animal skin       |     7 |     2 ||     9
       Scale mail        |       |    10 ||    10
Dodge: Dodged            |    32 |    32 ||    64
